 Dungeon Crawl Stone Soup version 0.32-a0-699-g1ee5eff69a (webtiles) character file.

Game seed: 6063688241069533713

63 PriceMaster the Sneak (level 3, -3/16 HPs)
             Began as a Spriggan Conjurer on Mar 13, 2024.
             Killed by divine providence
             ... invoked by an orc priest
              (12 damage)
             ... on level 3 of the Dungeon on Mar 14, 2024.
             The game lasted 00:03:09 (2372 turns).

PriceMaster the Sneak (Spriggan Conjurer)           Turns: 2372, Time: 00:03:09

Health: -3/16      AC:  2    Str:  3    XL:     3   Next: 87%
Magic:  3/9        EV: 16    Int: 21    God:
Gold:   138        SH:  5    Dex: 13    Spells: 6/9 levels left

rFire   . . .        i - +2 short sword (flame)
rCold   + . .        (no shield)
rNeg    . . .        a - +0 robe
rPois   .            (helmet restricted)
rElec   .            (no cloak)
rCorr   .            (gloves unavailable)
SInv    +            (boots unavailable)
Will    .....        n - amulet of reflection
Stlth   ++           c - ring of protection from cold
HPRegen 0.22/turn    (no ring)
MPRegen 0.11/turn

%: reflection
@: very quick
A: very small, no large weapons, unfitting armour, see invisible, speed 3
a: Convert to Beogh


You were on level 3 of the Dungeon.
You visited 1 branch of the dungeon, and saw 3 of its levels.

You collected 138 gold pieces.

Inventory:

Hand Weapons
 d - a +0 whip
 h - a +0 short sword
 i - a +2 short sword of flaming (weapon)
Armour
 a - a +0 robe (worn)
Jewellery
 c - a ring of protection from cold (left hand)
 k - an amulet of regeneration
 n - an amulet of reflection (around neck)
Scrolls
 l - 6 scrolls of identify {unknown}
 m - a scroll of immolation {unknown}
 p - a scroll of enchant armour {unknown}
Potions
 b - a potion of magic
 e - a potion of attraction {unknown}
 f - a potion of degeneration {unknown}
 g - a potion of resistance {unknown}
 j - a potion of berserk rage {unknown}
 o - a potion of curing {unknown}


   Skills:
 + Level 0.1 Short Blades
 + Level 3.0 Dodging
 + Level 4.0 Stealth
 + Level 0.1 Unarmed Combat
 + Level 3.5 Spellcasting
 + Level 3.5 Conjurations


You had 6 spell levels left.
You knew the following spells:

 Your Spells              Type           Power      Damage    Failure   Level
a - Magic Dart            Conj           72%        1d6       3%          1
b - Searing Ray           Conj           36%        2d5       4%          2

Your spell library contained the following spells:

 Spells                   Type           Power      Damage    Failure   Level
 Blink                    Tloc           6%         N/A       19%         2
 Call Imp                 Summ           6%         N/A       19%         2
 Fulminant Prism          Conj/Alch      5%         3d7       52%         4
 Iskenderun's Mystic Bla  Conj/Tloc      11%        2d4       52%         4


Dungeon Overview and Level Annotations

Branches:
Dungeon (3/15)

Altars:

Shops:
D:2 *


Innate Abilities, Weirdness & Mutations

You are very small and have problems with some larger weapons.
You are too small for most types of armour.
You have supernaturally acute eyesight. (SInv)
You cover ground extremely quickly. (Speed+++)


Message History

The orc shouts!
You hear a shout!
An orc comes into view. It is wielding a +0 club.
There are monsters nearby!
There are monsters nearby!
The magic dart hits the orc.
The orc is heavily wounded.
The orc shouts!
You hear a shout!
An orc priest comes into view. It is wielding a +0 club.
An orc comes into view. It is wielding a +0 short sword.
The magic dart hits the orc.
You kill the orc!
The magic dart hits the orc.
The orc is almost dead.
An orc wizard comes into view. It is wielding a +0 dagger.
The orc priest mumbles some strange prayers to Beogh against you.
Beogh smites you!
Ouch! That really hurt!
The orc priest shouts, "Surrender to Beogh and we'll let you live!" (press Y on the ability menu to convert to Beogh)
There are monsters nearby!
Casting: Magic Dart (safe; 3% risk of failure)
Confirm with . or Enter, or press ? or * to list all spells.
Aiming: Searing Ray (safe; 4% risk of failure)
Press: ? - help, Shift-Dir - straight line, f/p - orc
Aim: an orc, wielding a +0 short sword (almost dead, 78% to hit)
The searing ray hits the orc!
You kill the orc!
The searing ray hits the orc!
You kill the orc! (Press . to maintain the ray.)
An orc priest is nearby!
The orc wizard mumbles some strange words.
The orc wizard flickers and vanishes for a moment.
Things that are here:
a +0 club; an orc corpse You closely miss the orc priest.
The orc priest mumbles some strange prayers to Beogh against you.
Beogh smites you!
Ouch! That really hurt!
You die...

###########
#.........#
#.#######.# #.#
#.######## #.#
#.....@o.# #.#
########)# ###.#
##..o#
....#########.....o...
####..........# o...#
# ##.########.# o.#.#
###...##### o...#
....#.....###.# .o. #
###...###.....#


You could see an orc priest and an orc wizard (invisible).

Vanquished Creatures
  3 orcs (D:3)
  6 bats
  6 endoplasms
  5 giant cockroaches
  4 hobgoblins
  5 quokkas
  2 ball pythons
  4 frilled lizards
  6 goblins
  5 kobolds
  5 rats
51 creatures vanquished.

Notes
Turn   | Place    | Note
-------+----------+-------------------------------------------
     0 | D:1      | PriceMaster the Spriggan Conjurer began the quest for the
                  | Orb.
     0 | D:1      | Reached XP level 1. HP: 9/9 MP: 5/5
     0 | D:1      | Upgraded the game from 0.32-a0-685-g93135e86f0 to
                  | 0.32-a0-699-g1ee5eff69a
   466 | D:1      | Reached XP level 2. HP: 13/13 MP: 4/6
   817 | D:1      | Learned a level 2 spell: Searing Ray
  1217 | D:1      | Reached XP level 3. HP: 16/16 MP: 6/8
  1749 | D:2      | Found Ynogh's Assorted Antiques.
  1984 | D:2      | Reached skill level 4 in Stealth
  2372 | D:3      | Killed from afar by an orc priest

Illustrated notes

Levels and vault maps discovered:
D:1:      scummos_arrival_simple_crosswalls, layout_loops_cross, minmay_cut_off
D:2:      layout_basic, serial_shops, nicolae_shop_real_fake_doors, uniq_sigmund
D:3:      cheibrodos_pilgrimage, layout_loops_ring, mainiacjoe_overflow_paths

Skill      XL: |  1  2  3 |
---------------+----------+-----
Conjurations   | 3 |  3.5
Spellcasting   | 3 |  3.5
Stealth        | 4 |  4.0
Dodging        | 3 |  3.0
Short Blades   | |  0.1
Unarmed Combat | |  0.1

Action                     || total
---------------------------++-------
  Melee: Unarmed           ||    16
         Whip              ||    13
         Short sword       ||     7
   Cast: Magic Dart        ||   108
         Searing Ray       ||     2
   Stab: Sleeping          ||     1
 Armour: Robe              ||    15
  Dodge: Dodged            ||    39
  Block: Other             ||     3
         Reflection        ||     1

Table legend: (Time is in decaauts)
 A = Elapsed time spent in this place.
 B = Non-inter-level travel time spent in this place.
 C = Inter-level travel time spent in this place.
 D = Time resting spent in this place.
 E = Time spent auto-exploring this place.
 F = Levels seen in this place.
 G = Mean time per level.
                   A        B        C        D        E       F      G
               +--------+--------+--------+--------+--------+-----+--------+
         Total |   1917 |   1890 |     27 |    155 |   1470 |   3 |  639.0 |
       Dungeon |   1917 |   1890 |     27 |    155 |   1470 |   3 |  639.0 |
               +--------+--------+--------+--------+--------+-----+--------+

Top non-repeatable levels by time:
     D:1: 1152 daAuts
     D:2: 538 daAuts
     D:3: 226 daAuts
